 Dungeon Crawl Stone Soup version 0.31.0-9-g3a7656b989 (webtiles) character file.

Game seed: 16582883631644576617

142 qw the Shooter (level 5, 0/26 HPs)
             Began as a Spriggan Hunter on Feb 2, 2024.
             Killed by divine providence
             ... invoked by an orc priest
              (13 damage)
             ... on level 3 of the Dungeon.
             The game lasted 00:00:06 (1837 turns).

qw the Shooter (Spriggan Hunter)                    Turns: 1837, Time: 00:00:06

Health: 0/26       AC:  6    Str:  7    XL:     5   Next: 3%
Magic:  6/6        EV: 20    Int: 10    God:
Gold:   69         SH:  0    Dex: 21    Spells: 4/4 levels left

rFire   . . .        a - +0 shortbow
rCold   . . .        (shield currently unavailable)
rNeg    . . .        c - +0 robe
rPois   .            (helmet restricted)
rElec   .            (no cloak)
rCorr   +            (gloves unavailable)
SInv    +            (boots unavailable)
Will    .....        o - amulet of the acrobat
Stlth   ++           f - +4 ring of protection
HPRegen 0.24/turn    b - ring of resist corrosion
MPRegen 0.10/turn

%: acrobat
@: very quick
A: very small, no large weapons, unfitting armour, see invisible, speed 3
a: no special abilities


You were on level 3 of the Dungeon.
You visited 1 branch of the dungeon, and saw 3 of its levels.

You collected 69 gold pieces.


Innate Abilities, Weirdness & Mutations

You are very small and have problems with some larger weapons.
You are too small for most types of armour.
You have supernaturally acute eyesight. (SInv)
You cover ground extremely quickly. (Speed+++)


   Skills:
 - Level 2.1 Fighting
 + Level 5.2 Ranged Weapons
 - Level 5.0 Dodging
 - Level 1.5 Stealth


You had 4 spell levels left.
You didn't know any spells.
Your spell library was empty.

Inventory:

Hand Weapons
 a - a +0 shortbow (weapon)
Armour
 c - a +0 robe (worn)
Jewellery
 b - a ring of resist corrosion (right hand)
 f - a +4 ring of protection (left hand)
 l - a ring of ice
 o - an amulet of the acrobat (around neck)
Wands
 m - a wand of iceblast (4)
Scrolls
 e - 2 scrolls of noise {unknown}
 h - a scroll of summoning {unknown}
 n - a scroll of enchant armour {unknown}
Potions
 d - a potion of ambrosia {unknown}
 g - a potion of haste
 i - a potion of resistance
 k - a potion of heal wounds {unknown}
 p - 2 potions of invisibility {unknown}

Dungeon Overview and Level Annotations

Branches:
Dungeon (3/15)

Altars:
Makhleb


Message History

An orc priest comes into view. It is wielding a +0 club.
You shoot an arrow.
The arrow hits the orc priest but does no damage.
You hear a shout!
An orc wizard comes into view. It is wielding a +0 dagger.
You shoot an arrow.
The arrow hits the orc priest but does no damage.
The orc priest miscasts a cantrip.
You shoot an arrow.
The arrow hits the orc wizard but does no damage.
You shoot an arrow. The arrow hits the orc wizard!
The orc wizard is severely wounded.
An orc comes into view. It is wielding a +0 short sword.
You shoot an arrow.
The arrow hits the orc wizard but does no damage.
The orc wizard is severely wounded.
The orc priest looks braver for a moment.
The orc wizard gestures at you while chanting.
You are confused.
1833 ||| DRINKING potion of curing.
You feel better.
1833 ||| (to cure confusion)
The orc priest looks braver for a moment.
The orc wizard completely misses you.
You shoot an arrow. The arrow barely misses the orc wizard.
The orc wizard misses you.
You shoot an arrow.
The arrow closely misses the orc wizard.
You shoot an arrow. The arrow hits the orc wizard.
The orc wizard is almost dead.
The orc priest calls down the wrath of Beogh upon you.
Pain shoots through your body!
Ouch! That really hurt!
The orc wizard mumbles some strange words.
The orc wizard flickers and vanishes for a moment.
You shoot an arrow. The arrow hits the orc wizard.
You kill the orc wizard!
The orc priest mumbles some strange prayers to Beogh against you.
Beogh smites you!
Ouch! That really hurt!
You die...

#.....#.##)########.#
#####.#.#.....# #.###
#.......'.....# #....
#.#####.#.....# ##### #.#
#.#.....#########
#.#####.#.....##.....#.
#.....#.#.....##.......
####....#.########.....#.
#.......@)# #.....#.
####....#o# #.......
#....#o# ######..
######.# #...... .#
#.....# ## #.....#
#...... ###.... #####....


You could see an orc priest and an orc.

Vanquished Creatures
  Jessica (D:3)
  An iguana (D:3)
  Ijyb (D:3)
  An orc wizard (D:3)
  2 adders
  An orc (D:3)
  7 endoplasms
  5 giant cockroaches
  5 kobolds
  2 quokkas
  7 ball pythons
  5 bats
  3 frilled lizards
  3 goblins (D:1)
  3 rats (D:2)
47 creatures vanquished.

Notes
Turn   | Place    | Note
-------+----------+-------------------------------------------
     0 | D:1      | qw the Spriggan Hunter began the quest for the Orb.
     0 | D:1      | Reached XP level 1. HP: 10/10 MP: 2/2
     0 | D:1      | 0 ||| qw: Version: 0.3-a-155-g5e7d8dd
     0 | D:1      | 0 ||| qw: Game counter: 12
     0 | D:1      | 0 ||| qw: Melee chars always use a shield: true
     0 | D:1      | 0 ||| qw: God list: Okawaru
     0 | D:1      | 0 ||| qw: Allow faded altars: false
     0 | D:1      | 0 ||| qw: Do Orc after clearing Dungeon:15 true
     0 | D:1      | 0 ||| qw: Do second Lair branch before Depths: true
     0 | D:1      | 0 ||| qw: Lair rune preference: random
     0 | D:1      | 0 ||| qw: Goals: Normal
     0 | D:1      | 0 ||| PLANNING D:1-11
    24 | D:1      | Reached skill level 3 in Dodging
    61 | D:1      | Reached XP level 2. HP: 14/14 MP: 3/3
   528 | D:1      | 528 ||| UPGRADING to +4 ring of protection.
   529 | D:1      | 529 ||| READING scroll labelled GYZEDUM LIOTA.
   530 | D:1      | 530 ||| DROPPING scroll of butterflies.
   594 | D:2      | Reached XP level 3. HP: 18/18 MP: 4/4
   965 | D:2      | 965 ||| UPGRADING to amulet of the acrobat.
   970 | D:2      | 970 ||| UPGRADING to ring of resist corrosion.
   971 | D:2      | 971 ||| READING 2 scrolls labelled GUTUOGREDOTH.
  1072 | D:2      | 1072 ||| READING scroll labelled BUS OMIROE.
  1173 | D:2      | 1173 ||| READING 4 scrolls labelled JAPNUE ADYA.
  1173 | D:2      | 1173 ||| IDENTIFYING metallic dark potion
  1174 | D:2      | 1174 ||| READING 3 scrolls of identify.
  1174 | D:2      | 1174 ||| IDENTIFYING silvery potion
  1175 | D:2      | 1175 ||| READING 2 scrolls of identify.
  1175 | D:2      | 1175 ||| IDENTIFYING viscous amethyst potion
  1176 | D:2      | 1176 ||| READING scroll of identify.
  1176 | D:2      | 1176 ||| IDENTIFYING coppery potion
  1177 | D:2      | 1177 ||| READING scroll labelled SOTRIRCHORE.
  1178 | D:2      | 1178 ||| READING scroll labelled OBLIES PIELO.
  1211 | D:2      | 1211 ||| DROPPING potion of degeneration.
  1212 | D:2      | 1212 ||| DROPPING scroll of vulnerability.
  1245 | D:3      | Noticed Jessica
  1249 | D:3      | Killed Jessica
  1250 | D:3      | Reached XP level 4. HP: 22/22 MP: 5/5
  1652 | D:3      | Found a burning altar of Makhleb.
  1652 | D:3      | Noticed a balrug
  1703 | D:3      | Noticed Ijyb
  1712 | D:3      | Killed Ijyb
  1713 | D:3      | Reached XP level 5. HP: 23/26 MP: 6/6
  1833 | D:3      | 1833 ||| DRINKING potion of curing.
  1833 | D:3      | 1833 ||| (to cure confusion)
  1837 | D:3      | Killed from afar by an orc priest

Levels and vault maps discovered:
D:1:      dpeg_arrival_windows_large_door, layout_basic
D:2:      layout_rooms, kennysheep_nondescript
D:3:      layout_basic, makhleb_altar_promises_db, uniq_jessica, uniq_ijyb

Skill      XL: |  1  2  3  4 |
---------------+-------------+-----
Dodging        | 3 4 5 |  5.0
Ranged Weapons | 5 |  5.2
Fighting       | 2 |  2.1
Stealth        | |  1.5

Action                     |  1- 3 |  4- 6 || total
---------------------------+-------+-------++-------
   Fire: Shortbow          |    79 |    41 ||   120
    Use: Scroll            |     9 |       ||     9
         Potion            |       |     1 ||     1
 Armour: Robe              |     4 |     3 ||     7
  Dodge: Dodged            |    17 |     8 ||    25

Table legend:
 A = Non-vault XP
 B = Vault XP
 C = Vault XP percentage of total XP
 D = Non-vault monster count
 E = Vault monster count
 F = Vault count percentage of total count
                 A         B        C        D         E       F
            +---------+---------+-------+---------+---------+-------
      Total |     162 |      73 |  31.1 |      45 |       2 |   4.3
            +---------+---------+-------+---------+---------+-------
        D:1 |      37 |       0 |   0.0 |      22 |       0 |   0.0
        D:2 |      33 |       0 |   0.0 |      15 |       0 |   0.0
        D:3 |      92 |      73 |  44.2 |       8 |       2 |  20.0
            +---------+---------+-------+---------+---------+-------
